Croesus, chaotic male elven Ranger ------- |..... ).. ) ####r@@# )## ## ### ### #` # -.--------- |....<....| ......(...| |.........| |.........| ----------- Croesus the Lookout Experience level: 3 Strength: 16 Dexterity: 10 Constitution: 15 Intelligence: 13 Wisdom: 15 Charisma: 8 Health: 0(34) Energy: 29(29) Def: 9 Gold: 326 Moves: 2214 Dungeon seed: lbrUJQHFVnKVa6PP Game ID: Croesus_1560875424 Your Inventory: Weapons c - 56 blessed +2 elven arrows d - a blessed +1 elven dagger (alternate weapon; not wielded) e - an uncursed +1 elven bow (weapon in hand) s - a blessed +1 orcish dagger of aggravate monster x - an uncursed +0 axe Armor b - an uncursed +2 elven cloak (being worn) n - an uncursed +0 dwarvish cloak r - an uncursed +0 elven mithril-coat (being worn) y - an uncursed +0 orcish helm (being worn) Comestibles f - 3 uncursed lembas wafers i - an uncursed sprig of wolfsbane A - 3 uncursed food rations Scrolls g - an uncursed scroll of magic mapping j - 2 uncursed scrolls of identify k - a blessed scroll of confuse monster u - an uncursed scroll of identify Potions v - an uncursed potion of gain ability Wands p - an uncursed wand of secret door detection (0:15) Tools B - an uncursed magic lamp Gems q - an uncursed worthless piece of black glass z - an uncursed worthless piece of green glass N - an uncursed touchstone Coins $ - 326 gold pieces Spells and supernatural/magical abilities: Name Level Category Cost Memory W - pray for help -- divine ? -- Your skills at the end: Fighting Skills wands [Basic] Weapon Skills dagger [Basic] bow [Basic] Spellcasting Skills Final Attributes: You were piously aligned. You were immune to sleep. You saw invisible. You had automatic searching. You had infravision. You were stealthy. You were lucky. Mars was noncommittal. You are dead. Vanquished creatures: a kitten an acid blob 2 coyotes a hobbit a hobgoblin a giant rat 3 cave spiders a green mold 2 geckos 5 jackals a kobold 2 goblins 2 grid bugs 7 lichens 5 newts 35 creatures vanquished. Voluntary challenges: You were an atheist. You used a wielded weapon 19 times, starting on turn 110. You read items or engraved 1 time, starting on turn 2214. You never genocided any monsters. You never polymorphed an object. You never changed form. You used no wishes. You never split a pudding. You wrote Elbereth's name 1 time, starting on turn 2214. You never violated your personal moral code. Dungeon overview: The Dungeons of Doom: levels 1 to 5 Level 1 a long staircase Level 2 a sink, a vault Level 3 a general store Level 4 a general store a long staircase Level 5 <- You were here History has recorded: On T:1 you entered the Dungeons of Doom to retrieve the Amulet of Yendor! On T:288 you reached level 2 of The Dungeons of Doom. On T:591 you advanced to experience level 2. On T:846 you reached level 3 of The Dungeons of Doom. On T:889 you advanced to experience level 3. On T:1210 you reached level 4 of The Dungeons of Doom. On T:2122 you reached level 5 of The Dungeons of Doom. Score breakdown: Gold: 326 ( 8553 points) Experience: 3 levels ( 7878 points) Exploration: 5 levels ( 10.00%) ( 8571 points) Discoveries: 7 items ( 2.37%) ( 4621 points) Valuables value: (no points given unless you survive) Artifact value: 0 ( 0 points) Variety of kills: 15 monsters ( 3.95%) ( 5960 points) Turncount: 2214 turns ( -151 points) Survival: died (score multiplied by 80%) Total score: 28345 Latest messages: You shoot 2 elven arrows. The 1st elven arrow hits the kitten! The 2nd elven arrow hits the kitten. The kitten bites! The rabid rat bites! The rabid rat's bite was poisoned! The kitten misses. The invisible No picks up 12 uncursed +0 elven arrows from the floor. You shoot 2 elven arrows. The 1st elven arrow misses the rabid rat. The 2nd elven arrow misses the rabid rat. You hear some noises in the distance. The rabid rat bites! Please move the cursor to an unknown object. An invisible archeologist called No [seen: see invisible] on a corridor. You write in the dust with your fingers. The invisible No swings his bullwhip at you. The invisible No hits! You die... Final status: Goodbye Croesus the Ranger, killed by an invisible archeologist called "No"... You died in The Dungeons of Doom on dungeon level 5 with 28345 points, and 326 pieces of gold, after 2214 moves. You were level 3 with a maximum of 34 hit points when you died.